 Dungeon Sprint DCSS version 0.22-a0-388-g09e6169 (webtiles) character file.

92 Kidiri the Thaumaturge (level 4, -5/24 HPs)
             Began as a Deep Elf Fire Elementalist on Apr 29, 2018.
             Slain by an ice beast (8 damage)
             ... in the Dungeon (Sprint IX: "|||||||||||||||||||||||||||||").
             The game lasted 00:00:57 (108 turns).

Kidiri the Thaumaturge (Deep Elf Fire Elementalist)  Turns: 108, Time: 00:00:58

Health: -5/24      AC:  2    Str:  5    XL:     4   Next: 35%
Magic:  4/16       EV: 13    Int: 21    God:
Gold:   0          SH:  0    Dex: 15    Spells: 19/20 levels left

rFire    . . .     SeeInvis .   (no weapon)
rCold    . . .     Gourm    .   (no shield)
rNeg     . . .     Faith    .   a - +0 robe
rPois    .         Spirit   .   (no helmet)
rElec    .         Reflect  .   (no cloak)
rCorr    .         Harm     .   (no gloves)
MR       .....     NoTele   +   (no boots)
Stlth    ++........             (no amulet)
HPRegen  0.08/turn              (no ring)
MPRegen  0.15/turn              (no ring)

@: berserk cooldown, slowed, very slow
A: no striking features
a: no special abilities


You were in the Dungeon.
You were not hungry.

You visited 1 branch

Inventory:

Armour
 a - a +0 robe (worn)
Scrolls
 i - a scroll of blinking
Potions
 f - a potion of haste
 g - 2 potions of magic
Comestibles
 b - 6 chunks of flesh
 c - a ration


   Skills:
 - Level 2.4 Dodging
 - Level 2.4 Stealth
 * Level 8.5 Spellcasting
 + Level 4.7 Conjurations
 + Level 5.7 Fire Magic


You had 19 spell levels left.
You knew the following spells:

 Your Spells              Type           Power        Failure   Level  Hunger
a - Flame Tongue          Conj/Fire      ####.        1%          1    None


Dungeon Overview and Level Annotations

Branches:
Dungeon (1/1)

Altars:


Message History

Casting: Flame Tongue (safe; 1% risk of failure)
Confirm with . or Enter, or press ? or * to list all spells.
Aiming: Flame Tongue (safe; 1% risk of failure)
Press: ? - help, Shift-Dir - straight line, f - ice beast
Aim: an ice beast The flame tongue hits the ice beast.
The ice beast appears unharmed.
The ice beast barely misses you. The crimson imp closely misses you.
The ice beast hits you but does no damage.
Unknown command.
Casting: Flame Tongue (safe; 1% risk of failure)
Confirm with . or Enter, or press ? or * to list all spells.
Aiming: Flame Tongue (safe; 1% risk of failure)
Press: ? - help, Shift-Dir - straight line, f/p - ice beast
Aim: an ice beast The flame tongue hits the ice beast.
The ice beast melts!
The ice beast is moderately wounded.
The crimson imp completely misses you. The ice beast hits you.
* * * LOW HITPOINT WARNING * * *
The ice beast freezes you!
You die...

▓.▓
▓.▓
▓.▓
▓.▓
▓.▓
▓)▓
▓(▓
▓Y▓
▓@▓
▓5▓
▓)▓
▓)▓
▓.▓
▓)▓
▓.▓
▓<▓
▓▓▓


You could see an ice beast and a crimson imp.

Vanquished Creatures
  A centaur (D)
  A gnoll (D)
  A goblin (D)
  3 hobgoblins (D)
  A kobold (D)
  A quokka zombie (D)
8 creatures vanquished.

Notes
Turn   | Place    | Note
-------+----------+-------------------------------------------
     0 | D        | Kidiri the Deep Elf Fire Elementalist began the quest for the Orb.
     0 | D        | Reached XP level 1. HP: 10/10 MP: 6/6
     5 | D        | Reached skill level 4 in Spellcasting
    91 | D        | Noticed an ice beast
    91 | D        | Noticed a crimson imp
    91 | D        | Noticed a centaur
    94 | D        | Reached skill level 5 in Spellcasting
    94 | D        | Reached XP level 2. HP: 15/15 MP: 6/10
   100 | D        | Killed a centaur
   100 | D        | Reached skill level 8 in Spellcasting
   100 | D        | Reached skill level 5 in Fire Magic
   100 | D        | Reached XP level 3. HP: 8/19 MP: 6/15
   100 | D        | Reached XP level 4. HP: 10/24 MP: 6/16
   108 | D        | Slain by an ice beast

Vault maps used:
D:        linesprint

Skill      XL: |  1  2 |
---------------+-------+-----
Spellcasting   | 5 8 |  8.5
Conjurations   | 2 4 |  4.7
Fire Magic     | 4 5 |  5.7
Dodging        | |  2.4
Stealth        | |  2.4

Action                   |  1- 3 |  4- 6 || total
-------------------------+-------+-------++-------
Melee: Unarmed           |     6 |       ||     6
 Cast: Flame Tongue      |    10 |     4 ||    14
  Use: Potion            |     3 |       ||     3
Armor: Robe              |       |     1 ||     1
Dodge: Dodged            |     7 |     4 ||    11

Table legend:
 A = Spawn XP
 B = Non-spawn XP
 C = Spawn XP percentage of total XP
 D = Spawn monster count
 E = Non-spawn monster count
 F = Spawn count percentage of total count
 G = Total turns spent on level
                    A         B        C        D         E        F      G
               +---------+---------+-------+---------+---------+-------+---------
         Total |       0 |     132 |   0.0 |       0 |       8 |   0.0 |   108
               +---------+---------+-------+---------+---------+-------+---------
             D |       0 |     132 |   0.0 |       0 |       8 |   0.0 |   108
               +---------+---------+-------+---------+---------+-------+---------
